 Dungeon Crawl Stone Soup version 0.28-a0-29-g0adfcbbeba (webtiles) character file.

Game seed: 451300641604372027

1972 MirrMurr the Thrower (level 9, -3/69 HPs)
             Began as a Gnoll Hunter on July 27, 2021.
             Was a Believer of Okawaru.
             Killed from afar by a steam dragon (11 damage)
             ... with a ball of steam
             ... on level 6 of the Dungeon.
             The game lasted 00:18:36 (9274 turns).

MirrMurr the Thrower (Gnoll Hunter)                 Turns: 9274, Time: 00:18:37

Health: -3/69      AC: 10    Str: 11    XL:     9   Next: 20%
Magic:  15/15      EV: 14    Int: 13    God:    Okawaru [**....]
Gold:   269        SH:  5    Dex: 20    Spells: 16/16 levels left

rFire   . . .      SeeInvis .   a - +2 hand axe (vorpal)
rCold   + . .      Faith    .   (no shield)
rNeg    . . .      Spirit   .   t - +1 ring mail
rPois   .          Reflect  +   (no helmet)
rElec   .          Harm     .   (no cloak)
rCorr   .          Rampage  .   m - +2 pair of gloves
Will    .....                   (no boots)
Stlth   ++........              v - amulet of reflection
HPRegen 0.21/turn               s - ring of protection from cold
MPRegen 0.14/turn               o - +6 ring of dexterity

@: no status effects
A: fangs 1, strong nose, distributed training
a: Renounce Religion, Heroism


You were on level 6 of the Dungeon.
You worshipped Okawaru.
Okawaru was pleased with you.
You visited 2 branches of the dungeon, and saw 7 of its levels.

You collected 269 gold pieces.

Inventory:

Hand Weapons
 a - a +2 vorpal hand axe (weapon)
 b - a +0 hunting sling
 w - the +3 dagger "Listiysuluid" {pain, rC+}
   (You found it on level 5 of the Dungeon)

   In the hands of one skilled in necromantic magic, it inflicts extra damage on
   living creatures.
   rC:        It protects you from cold.
Missiles
 c - 10 javelins
 d - 10 poisoned darts
 f - 149 stones
 k - 4 curare-tipped darts
 z - 15 sling bullets
 C - a throwing net
 D - 12 boomerangs (quivered)
Armour
 m - a +2 pair of gloves (worn)
 t - a +1 ring mail (worn)
Jewellery
 o - a +6 ring of dexterity (right hand)
 s - a ring of protection from cold (left hand)
 v - an amulet of reflection (around neck)
 x - a ring of ice
Wands
 e - a wand of charming (11)
 r - a wand of iceblast (1)
 A - a wand of polymorph (7)
Scrolls
 h - a scroll of fear
 j - 2 scrolls of fog
 B - 2 scrolls of teleportation
 F - 2 scrolls of identify
 G - a scroll of enchant weapon {unknown}
Potions
 g - 4 potions of brilliance
 i - a potion of lignification
 l - 2 potions of might
 n - a potion of resistance
 p - a potion of flight
 q - 2 potions of curing
 u - 2 potions of attraction
 y - a potion of heal wounds {unknown}
 E - a potion of berserk rage {unknown}


   Skills:
 + Level 6.1 Fighting
 + Level 4.0 Short Blades
 + Level 4.0 Long Blades
 + Level 4.0 Axes
 + Level 4.0 Maces & Flails
 + Level 4.0 Polearms
 + Level 4.0 Staves
 + Level 4.0 Slings
 + Level 4.0 Bows
 + Level 4.0 Crossbows
 + Level 9.4 Throwing
 + Level 4.0 Armour
 + Level 6.1 Dodging
 + Level 4.7 Stealth
 + Level 4.0 Shields
 + Level 4.0 Unarmed Combat
 + Level 4.0 Spellcasting
 + Level 3.3 Conjurations
 + Level 3.3 Hexes
 + Level 3.3 Summonings
 + Level 3.3 Necromancy
 + Level 3.3 Translocations
 + Level 3.3 Transmutations
 + Level 3.3 Fire Magic
 + Level 3.3 Ice Magic
 + Level 3.3 Air Magic
 + Level 3.3 Earth Magic
 + Level 3.3 Poison Magic
 + Level 4.4 Invocations
 + Level 4.0 Evocations


You had 16 spell levels left.
You didn't know any spells.
Your spell library contained the following spells:

 Spells                   Type           Power      Damage    Failure   Level
 Corona                   Hex            12%        N/A       12%         1
 Ensorcelled Hibernation  Hex/Ice        22%        N/A       19%         2
 Sublimation of Blood     Necr           5%         N/A       19%         2
 Tukima's Dance           Hex            11%        N/A       36%         3
 Petrify                  Tmut/Erth      11%        N/A       77%         4
 Irradiate                Conj/Tmut      5%         3d15      98%         5
 Malign Gateway           Summ/Tloc      5%         N/A       100%        7
 Summon Horrible Things   Summ           5%         N/A       100%        8


Dungeon Overview and Level Annotations

Branches:
Dungeon (6/15)             Temple (1/1) D:5

Altars:
Ashenzari
Cheibriados
Elyvilon
Fedhas
Hepliaklqana
Kikubaaqudgha
Makhleb
Nemelex Xobeh
Okawaru
Qazlal
Ru
Sif Muna
Trog
Vehumet
Wu Jian
Xom
Zin

Shops:
D:3 :*

Annotations:
D:6 exclusion: cyclops


Innate Abilities, Weirdness & Mutations

You have very sharp teeth.
Your uncanny sense of smell can sniff out nearby items.
Your experience applies equally to all skills.


Message History

You are engulfed in a cloud of scalding steam.
The steam dragon bites you but does no damage.
The steam dragon closely misses you.
You hit the steam dragon.
The steam dragon is heavily wounded.
You are engulfed in a cloud of scalding steam.
The steam dragon bites you.
The steam dragon claws you but does no damage.
You closely miss the steam dragon.
The steam dragon is heavily wounded.
You are engulfed in a cloud of scalding steam.
The steam dragon breathes steam at you. The ball of steam hits you.
You hit the steam dragon.
You bite the steam dragon, but do no damage.
The steam dragon is severely wounded.
You are engulfed in a cloud of scalding steam.
You block the steam dragon's attack.
The steam dragon claws you but does no damage.
You barely miss the steam dragon.
The steam dragon is severely wounded.
The steam dragon completely misses you. x2
You hit the steam dragon but do no damage.
The steam dragon is severely wounded.
The steam dragon barely misses you. The steam dragon claws you.
You hit the steam dragon.
The steam dragon is almost dead.
The steam dragon bites you. The steam dragon claws you.
* * * LOW HITPOINT WARNING * * *
You hit the steam dragon but do no damage.
The steam dragon is almost dead.
The steam dragon bites you!
* * * LOW HITPOINT WARNING * * *
The steam dragon barely misses you. x2
The steam dragon claws you but does no damage.
You hit the steam dragon but do no damage.
The steam dragon is almost dead.
The steam dragon breathes steam at you. The ball of steam hits you!
You die...

#...#
#.(.#
#...#
#.(.#
#...#
#.(.#
##†## #D#
#@# #.#
#.# #.#
#.# #.#
###'######
#........#
#<.......#


You could see a steam dragon (catching breath).

Vanquished Creatures
  A two-headed ogre (D:6)
  Edmund (D:5)
  An acid dragon (D:6)
  A black bear (D:3)
  A necrophage (D:5)
  2 ogres
  A centaur (D:5)
  A phantom (D:4)
  A scorpion (D:4)
  2 hounds (D:4)
  A jelly (D:5)
  3 orc priests
  2 centaur skeletons
  Jessica (D:3)
  An iguana (D:4)
  2 orc wizards (D:6)
  A killer bee zombie (D:6)
  5 adders
  A white imp (D:3)
  An adder zombie (D:2)
  3 worms
  2 dart slugs
  20 orcs
  A bat skeleton (D:2)
  2 endoplasms
  A giant cockroach (D:1)
  5 goblins
  6 hobgoblins
  8 jackals
  5 quokkas
  14 ball pythons
  2 ball python zombies (D:2)
  9 bats
  7 frilled lizards
  A giant cockroach zombie (D:2)
  8 kobolds
  A quokka zombie (D:2)
  6 rats
131 creatures vanquished.

Vanquished Creatures (others)
  An orc wizard (D:6)
  A withered plant (D:2)
2 creatures vanquished.

Grand Total: 133 creatures vanquished

Notes
Turn   | Place    | Note
-------+----------+-------------------------------------------
     0 | D:1      | MirrMurr the Gnoll Hunter began the quest for the Orb.
     0 | D:1      | Reached XP level 1. HP: 20/20 MP: 1/1
   299 | D:1      | Reached XP level 2. HP: 19/26 MP: 2/2
   768 | D:1      | Found a faded altar of an unknown god.
  1004 | D:1      | Reached XP level 3. HP: 31/31 MP: 3/3
  1715 | D:2      | Reached skill level 1 in Invocations
  2026 | D:2      | Reached skill level 1 in Short Blades
  2026 | D:2      | Reached skill level 1 in Long Blades
  2026 | D:2      | Reached skill level 1 in Axes
  2026 | D:2      | Reached skill level 1 in Maces & Flails
  2026 | D:2      | Reached skill level 1 in Polearms
  2026 | D:2      | Reached skill level 1 in Staves
  2026 | D:2      | Reached skill level 1 in Slings
  2026 | D:2      | Reached skill level 1 in Bows
  2026 | D:2      | Reached skill level 1 in Crossbows
  2026 | D:2      | Reached skill level 1 in Armour
  2026 | D:2      | Reached skill level 1 in Shields
  2026 | D:2      | Reached skill level 1 in Unarmed Combat
  2026 | D:2      | Reached skill level 1 in Spellcasting
  2026 | D:2      | Reached skill level 1 in Evocations
  2362 | D:2      | Reached XP level 4. HP: 4/38 MP: 5/5
  2994 | D:2      | Found a snail-covered altar of Cheibriados.
  3452 | D:3      | Found Pexenuir's Book Shoppe.
  3455 | D:3      | Noticed a black bear
  3484 | D:3      | Reached skill level 1 in Conjurations
  3484 | D:3      | Reached skill level 1 in Hexes
  3484 | D:3      | Reached skill level 1 in Summonings
  3484 | D:3      | Reached skill level 1 in Necromancy
  3484 | D:3      | Reached skill level 1 in Translocations
  3484 | D:3      | Reached skill level 1 in Transmutations
  3484 | D:3      | Reached skill level 1 in Fire Magic
  3484 | D:3      | Reached skill level 1 in Ice Magic
  3484 | D:3      | Reached skill level 1 in Air Magic
  3484 | D:3      | Reached skill level 1 in Earth Magic
  3484 | D:3      | Reached skill level 1 in Poison Magic
  3807 | D:3      | Noticed Jessica
  3819 | D:3      | Killed Jessica
  3820 | D:3      | Reached XP level 5. HP: 43/43 MP: 5/7
  3956 | D:3      | Found Yttemubi's General Store.
  4206 | D:3      | Killed a black bear
  4266 | D:4      | Reached XP level 6. HP: 44/50 MP: 8/8
  4462 | D:4      | Found a sacrificial altar of Ru.
  4649 | D:4      | Reached skill level 5 in Fighting
  4649 | D:4      | Reached skill level 5 in Dodging
  4742 | D:4      | Found a burning altar of Makhleb.
  4858 | D:4      | Reached XP level 7. HP: 56/56 MP: 10/10
  5332 | D:5      | Entered Level 5 of the Dungeon
  5491 | D:5      | Found a staircase to the Ecumenical Temple.
  5499 | Temple   | Entered the Ecumenical Temple
  5558 | Temple   | Became a worshipper of Warmaster Okawaru
  5813 | D:5      | Identified the +3 dagger "Listiysuluid" {pain, rC+}
  5834 | D:5      | Found a stormy altar of Qazlal.
  6016 | D:5      | Found an ornate altar of the Wu Jian Council.
  6087 | D:5      | Reached skill level 9 in Throwing
  6102 | D:5      | Noticed Edmund
  6958 | D:5      | Killed Edmund
  6958 | D:5      | Reached * piety under Okawaru
  6959 | D:5      | Reached XP level 8. HP: 21/63 MP: 12/12
  8032 | D:6      | Noticed a cyclops
  8239 | D:6      | Noticed a two-headed ogre
  8246 | D:6      | Killed a two-headed ogre
  8246 | D:6      | Reached ** piety under Okawaru
  8247 | D:6      | Reached XP level 9. HP: 51/69 MP: 12/14
  8904 | D:6      | HP: 3/69 [acid (12)]
  9274 | D:6      | Killed from afar by a steam dragon

Illustrated notes

Levels and vault maps discovered:
D:1:      dpeg_arrival_renting, layout_loops_ring,
          dreamdust_ecumenical_altar_hidden_monk_grotto
D:2:      layout_loops_cross, basic_altar, serial_undead, serial_undead_e,
          serial_undead_f, serial_undead_a, serial_undead_d
D:3:      minmay_general_purpose_star, layout_basic, serial_shops, shop, shop,
          uniq_jessica
D:4:      minmay_wonky_spiral, layout_loops_corners,
          mainiacjoe_overflow_catwalk, mainiacjoe_overflow_brackets,
          minmay_close_crescents
D:5:      layout_cave_pools, mainiacjoe_overflow_catch_the_wave,
          minmay_temple_entry_overgrown, uniq_edmund
D:6:      layout_basic, tso_altar
Temple:   nicolae_temple_figure_eight

Skill      XL: |  1  2  3  4  5  6  7  8  9 |
---------------+----------------------------+-----
Invocations    | 1 2 3 4 |  4.4
Short Blades   | 1 2 3 4 |  4.0
Long Blades    | 1 2 3 4 |  4.0
Axes           | 1 2 3 4 |  4.0
Maces & Flails | 1 2 3 4 |  4.0
Polearms       | 1 2 3 4 |  4.0
Staves         | 1 2 3 4 |  4.0
Slings         | 1 2 3 4 |  4.0
Bows           | 1 2 3 4 |  4.0
Crossbows      | 1 2 3 4 |  4.0
Armour         | 1 2 3 4 |  4.0
Shields        | 1 2 3 4 |  4.0
Unarmed Combat | 1 2 3 4 |  4.0
Spellcasting   | 1 2 3 4 |  4.0
Evocations     | 1 2 3 4 |  4.0
Conjurations   | 1 2 3 |  3.3
Hexes          | 1 2 3 |  3.3
Summonings     | 1 2 3 |  3.3
Necromancy     | 1 2 3 |  3.3
Translocations | 1 2 3 |  3.3
Transmutations | 1 2 3 |  3.3
Fire Magic     | 1 2 3 |  3.3
Ice Magic      | 1 2 3 |  3.3
Air Magic      | 1 2 3 |  3.3
Earth Magic    | 1 2 3 |  3.3
Poison Magic   | 1 2 3 |  3.3
Stealth        | 3 4 |  4.7
Fighting       | 5 6 |  6.1
Dodging        | 5 6 |  6.1
Throwing       | 9 |  9.4

Action                   |  1- 3 |  4- 6 |  7- 9 || total
-------------------------+-------+-------+-------++-------
Melee: Short sword       |   131 |       |       ||   131
       Bite              |    15 |    13 |    35 ||    63
       Rapier            |    77 |   107 |   141 ||   325
       Punch             |       |     1 |     5 ||     6
       Flail             |       |       |    21 ||    21
       Hand axe          |       |       |    59 ||    59
 Fire: Hunting sling     |       |       |    79 ||    79
Throw: Stone             |       |    26 |     7 ||    33
       Javelin           |       |     8 |    12 ||    20
       Throwing net      |       |       |     2 ||     2
Invok: Heroism           |       |       |     1 ||     1
Evoke: Wand              |       |       |     1 ||     1
  Use: Scroll            |       |     9 |     7 ||    16
       Potion            |       |       |     1 ||     1
 Stab: Sleeping          |     3 |     3 |     1 ||     7
       Held in net/web   |       |       |     1 ||     1
Armor: Leather armour    |    89 |     9 |       ||    98
       Ring mail         |       |    16 |    83 ||    99
Dodge: Dodged            |   167 |    87 |   132 ||   386
Block: Other             |       |       |    37 ||    37
       Reflection        |       |       |     3 ||     3

Table legend: (Time is in decaauts)
 A = Elapsed time spent in this place.
 B = Non-inter-level travel time spent in this place.
 C = Inter-level travel time spent in this place.
 D = Time resting spent in this place.
 E = Time spent auto-exploring this place.
 F = Levels seen in this place.
 G = Mean time per level.
                   A        B        C        D        E       F      G
               +--------+--------+--------+--------+--------+-----+--------+
         Total |   9288 |   8643 |    645 |    928 |   6103 |   7 | 1326.9 |
       Dungeon |   9070 |   8436 |    634 |    928 |   5902 |   6 | 1511.7 |
        Temple |    217 |    206 |     11 |      0 |    201 |   1 |  217.0 |
               +--------+--------+--------+--------+--------+-----+--------+

Top non-repeatable levels by time:
     D:5: 2139 daAuts
     D:2: 1672 daAuts
     D:1: 1656 daAuts
     D:4: 1373 daAuts
     D:6: 1170 daAuts
     D:3: 1057 daAuts
  Temple: 217 daAuts
